 Dungeon Crawl Stone Soup version 0.20.1-1-g8b1a95d66d (webtiles) character file.

57 4FPSwarrior the Skirmisher (level 3, 0/30 HPs)
             Began as a Demonspawn Abyssal Knight on Nov 19, 2017.
             Was a Follower of Lugonu.
             Slain by a worm (8 damage)
             ... on level 2 of the Dungeon.
             The game lasted 00:07:16 (1813 turns).

4FPSwarrior the Skirmisher (DsAK)                   Turns: 1813, Time: 00:07:17

Health: 0/30       AC:  4    Str: 13    XL:     3   Next: 73%
Magic:  4/4        EV: 11    Int: 13    God:    Lugonu [*.....]
Gold:   58         SH:  0    Dex: 12    Spells: 2/2 levels left

rFire    . . .     SeeInvis .   a - +1 falchion
rCold    . . .     Gourm    .   (no shield)
rNeg     . . .     Faith    .   b - +0 leather armour
rPois    .         Spirit   .   k - +0 helmet
rElec    .         Reflect  .   (no cloak)
rCorr    .         Harm     .   (no gloves)
MR       .....                  (no boots)
Stlth    +.........             (no amulet)
Regen    0.1/turn               (no ring)
MPRegen  0.1/turn               (no ring)

@: no status effects
A: powered by pain 1
a: Depart the Abyss, Renounce Religion


You were on level 2 of the Dungeon.
You worshipped Lugonu.
Lugonu was aware of your devotion.
You were not hungry.

You visited 1 branch of the dungeon, and saw 2 of its levels.
You visited the Abyss 1 time.

You collected 58 gold pieces.

Inventory:

Hand Weapons
 a - a +1 falchion (weapon)
Armour
 b - a +0 leather armour (worn)
 k - a +0 helmet (worn)
Jewellery
 d - an uncursed ring of protection from cold {unknown}
 j - a +4 ring of protection {unknown}
Scrolls
 e - a scroll of recharging
 g - a scroll of teleportation
Potions
 h - a potion of degeneration
 i - a potion of heal wounds {unknown}
 m - a potion of haste {unknown}
Comestibles
 c - 3 bread rations
 f - a meat ration


   Skills:
 * Level 3.7 Fighting
 * Level 2.8 Long Blades
 + Level 2.0 Armour
 + Level 1.0 Dodging
 + Level 0.4 Stealth
 + Level 2.4 Invocations


You had 2 spell levels left.
You didn't know any spells.

Dungeon Overview and Level Annotations

Branches:
Dungeon (2/15)

Altars:
Fedhas


Innate Abilities, Weirdness & Mutations

You sometimes gain a little power by taking damage.


Message History

You barely miss the worm.
The worm is lightly wounded.
The worm bites you.
You barely miss the worm. The worm bites you.
You barely miss the worm. The worm closely misses you.
You hit the worm.
The worm is moderately wounded.
You hit the worm but do no damage.
The worm is moderately wounded.
The worm bites you!
* * * LOW HITPOINT WARNING * * *
You hit the worm.
The worm is heavily wounded.
The worm bites you but does no damage.
You hit the worm.
The worm is severely wounded.
You hit the worm.
The worm is almost dead.
The worm bites you!
You die...

#.#. #.....# # .(..###
#.###.# (..#.. #.# #.# .#
#(.#.######># #.#####
h..#..#.#......###.....# #
#.....#....###....##.# #
$.#.#...####.# #.(.(##.# #
.......(####.# #....##.# #
######..w@...# #....##.# #
#..####.# #.......# #
#.....†.#####'#######
#.####...............
#..<##..###...####...
###.##..###...# #...
##########.......#...####...
#...=...(...............'...
#.............##.###.####...


You could see a worm.

Vanquished Creatures
  A gnoll (D:1)
  An adder (D:2)
  A worm (D:2)
  2 dart slugs (D:1)
  A leopard gecko (D:1)
  2 bats
  2 giant cockroaches
  A goblin (D:1)
  5 hobgoblins
  4 jackals (D:2)
  3 kobolds (D:1)
  5 rats
28 creatures vanquished.

Notes
Turn   | Place    | Note
-------+----------+-------------------------------------------
     0 | Abyss:1  | 4FPSwarrior the Demonspawn Abyssal Knight began the quest for the Orb.
     0 | Abyss:1  | Reached XP level 1. HP: 18/18 MP: 2/2
    53 | Abyss:1  | Noticed a worldbinder
    55 | D:1      | Escaped the Abyss
   185 | D:1      | Reached skill level 1 in Dodging
   466 | D:1      | Gained mutation: You sometimes gain a little power by taking damage. [demonic ancestry]
   466 | D:1      | Reached XP level 2. HP: 20/24 MP: 3/3
   579 | D:1      | Reached * piety under Lugonu
  1092 | D:1      | Reached XP level 3. HP: 30/30 MP: 4/4
  1605 | D:2      | Found a faded altar of an unknown god.
  1647 | D:2      | Found a blossoming altar of Fedhas.
  1813 | D:2      | Slain by a worm

Skill      XL: |  1  2  3 |
---------------+----------+-----
Dodging        | 1 |  1.0
Long Blades    | 2 |  2.8
Armour         | 2 |  2.0
Fighting       | |  3.7
Stealth        | |  0.4
Invocations    | |  2.4

Action                   || total
-------------------------++-------
Melee: Falchion          ||   100
Throw: Javelin           ||    12
Invok: Depart the Abyss  ||     1
  Use: Scroll            ||     5
  Eat: Chunk             ||     3
Armor: Leather armour    ||    22
Dodge: Dodged            ||    56
       Rpst.: Falchion   ||    11
